MWL (24 & UNDER)
MANHATTEN MEATHEADS @ WISCONSIN RAPIDS RANGERS
08/22/2027
 
TOP OF THE 1ST
Manhatten Meatheads batting - Pitching for Wisconsin Rapids Rangers : RHP Nicholas Becker
Pitching: RHP Nicholas Becker
Batting: SHB Cornell Payne 0-0: Ball
1-0: Fly out, F2 (Popup, 5S)
Batting: RHB Adrián López 0-0: Ball
1-0: Ball
2-0: Called Strike
2-1: Foul Ball, location: 2F
2-2: Foul Ball, location: 2F
2-2: Foul Ball, location: 2F
2-2: Foul Ball, location: 2F
2-2: Strikes out swinging
Batting: RHB Denver Baker 0-0: Foul Ball, location: 2F
0-1: Ball
1-1: Called Strike
1-2: Ball
2-2: Fly out, F5 (Line Drive, 5)
Top of the 1st over - 0 run(s), 0 hit(s), 0 error(s), 0 left on base; Manhatten 0 - Wisconsin Rapids 0
BOTTOM OF THE 1ST
Wisconsin Rapids Rangers batting - Pitching for Manhatten Meatheads : RHP Nathan Davis
Pitching: RHP Nathan Davis
Batting: LHB Ronald Gordon 0-0: Ball
1-0: Ball
2-0: Ball
3-0: Base on Balls
Batting: LHB Javier Mejía 0-0: Called Strike
0-1: Foul Ball, location: 2F
0-2: Grounds into double play, 4-6-3 (Groundball, 4)
Batting: RHB Wilfred Martin 0-0: Ball
1-0: SINGLE (Line Drive, 4)
Batting: LHB Luis Rodríguez 0-0: Ball
1-0: Called Strike
Pickoff Throw to First - Out!
Bottom of the 1st over - 0 run(s), 1 hit(s), 0 error(s), 0 left on base; Manhatten 0 - Wisconsin Rapids 0
TOP OF THE 2ND
Manhatten Meatheads batting - Pitching for Wisconsin Rapids Rangers : RHP Nicholas Becker
Batting: SHB António Ramírez 0-0: Called Strike
0-1: Swinging Strike
0-2: Fly out, F8 (Line Drive, 78M)
Batting: RHB Craig Chapman 0-0: Foul Ball, location: 2F
0-1: Foul Ball, location: 2F
0-2: Ball
1-2: Foul Ball, location: 2F
1-2: Ground out 5-3 (Groundball, 56S)
Batting: LHB Miguel Pérez 0-0: Ball
1-0: Called Strike
1-1: Called Strike
1-2: Foul Ball, location: 2F
1-2: Ball
2-2: Ball
3-2: Strikes out swinging
Top of the 2nd over - 0 run(s), 0 hit(s), 0 error(s), 0 left on base; Manhatten 0 - Wisconsin Rapids 0
BOTTOM OF THE 2ND
Wisconsin Rapids Rangers batting - Pitching for Manhatten Meatheads : RHP Nathan Davis
Batting: LHB Luis Rodríguez 0-0: SINGLE (Flyball, 8RS)
Batting: RHB Miguel Toro 0-0: Ball
1-0: SINGLE (Groundball, 15S) (infield hit)
Luis Rodríguez to second
Batting: SHB Jacob Wilcox 0-0: Called Strike
0-1: Fielders Choice at 2nd, 6-4 (Groundball, 6)
Luis Rodríguez to third
Batting: LHB Jean-Sébastien Beaudin 0-0: Called Strike
0-1: Ground out 3-1 (Groundball, 34S)
Luis Rodríguez scores
Jacob Wilcox to second
Batting: LHB Ángelo Lara 0-0: Called Strike
0-1: Ball
1-1: Called Strike
1-2: Strikes out looking
Bottom of the 2nd over - 1 run(s), 2 hit(s), 0 error(s), 1 left on base; Manhatten 0 - Wisconsin Rapids 1
TOP OF THE 3RD
Manhatten Meatheads batting - Pitching for Wisconsin Rapids Rangers : RHP Nicholas Becker
Now at 2B: Carlos Miranda
Batting: SHB José Sousa 0-0: Ball
1-0: Ball
2-0: Swinging Strike
2-1: Foul Ball, location: 2F
2-2: Strikes out swinging
Batting: RHB Lúcio Sánchez 0-0: SINGLE (Line Drive, 8RS)
Batting: RHB José Esparza 0-0: Ball
1-0: Foul Ball, location: 2F
1-1: Called Strike
1-2: Foul Ball, location: 2F
1-2: Ball
2-2: SINGLE (Groundball, 56S) (infield hit)
Lúcio Sánchez to second
Batting: SHB Cornell Payne 0-0: Ball
1-0: Swinging Strike
1-1: Called Strike
1-2: Strikes out swinging
Batting: RHB Adrián López 0-0: Foul Ball, location: 2F
0-1: Foul Ball, location: 2F
0-2: Ball
1-2: SINGLE (Line Drive, 56D)
Lúcio Sánchez to third
José Esparza to second
Runner from 3rd tries for Home, SAFE, no throw
Batting: RHB Denver Baker 0-0: Called Strike
0-1: Swinging Strike
0-2: Ball
1-2: Ball
2-2: SINGLE (Line Drive, 6MD)
José Esparza to third
Adrián López to second
Runner from 3rd tries for Home, SAFE, no throw
Batting: SHB António Ramírez 0-0: Foul Ball, location: 2F
0-1: SINGLE (Groundball, 4MD)
Adrián López to third
Denver Baker to second
Runner from 3rd tries for Home, SAFE, no throw
Batting: RHB Craig Chapman 0-0: Foul Ball, location: 2F
0-1: Ball
1-1: Foul Ball, location: 2F
1-2: SINGLE (Flyball, 8RM)
Denver Baker to third
António Ramírez to second
Runner from 3rd tries for Home, SAFE, no throw
Batting: LHB Miguel Pérez 0-0: Ball
1-0: SINGLE (Line Drive, 78S)
António Ramírez to third
Craig Chapman to second
Runner from 3rd tries for Home, SAFE, no throw
Batting: SHB José Sousa 0-0: Called Strike
0-1: Foul Ball, location: 2F
0-2: Ground out U3 (Groundball, 3L)
Top of the 3rd over - 5 run(s), 7 hit(s), 0 error(s), 2 left on base; Manhatten 5 - Wisconsin Rapids 1
BOTTOM OF THE 3RD
Wisconsin Rapids Rangers batting - Pitching for Manhatten Meatheads : RHP Nathan Davis
Batting: RHB Luis López 0-0: SINGLE (Groundball, 4MD)
Batting: LHB Ronald Gordon 0-0: Called Strike
0-1: Ball
1-1: Fielders Choice at 2nd, 6-4 (Groundball, 56)
Batting: LHB Javier Mejía 0-0: Foul Ball, location: 2F
0-1: Ball
1-1: Swinging Strike
1-2: Fielders Choice at 2nd, 2-4 (Groundball, 2L)
Batting: RHB Wilfred Martin 0-0: Ball
1-0: Called Strike
1-1: SINGLE (Flyball, 8LS)
Javier Mejía to second
Batting: LHB Luis Rodríguez 0-0: Ball
1-0: Called Strike
1-1: Ball
2-1: Called Strike
2-2: Strikes out swinging
Bottom of the 3rd over - 0 run(s), 2 hit(s), 0 error(s), 2 left on base; Manhatten 5 - Wisconsin Rapids 1
TOP OF THE 4TH
Manhatten Meatheads batting - Pitching for Wisconsin Rapids Rangers : RHP Nicholas Becker
Batting: RHB Lúcio Sánchez 0-0: Ball
1-0: Called Strike
1-1: Fly out, F9 (Flyball, 89D)
Batting: RHB José Esparza 0-0: Swinging Strike
0-1: Ball
1-1: Hit by Pitch
Pitching: RHP Valentín Mejía
Batting: SHB Cornell Payne 0-0: Called Strike
0-1: Swinging Strike
0-2: Ball
1-2: Strikes out swinging
José Esparza steals 2nd base
Batter strikes out.
Batting: RHB Adrián López 0-0: Called Strike
0-1: Foul Ball, location: 2F
0-2: Strikes out swinging
Top of the 4th over - 0 run(s), 0 hit(s), 0 error(s), 1 left on base; Manhatten 5 - Wisconsin Rapids 1
BOTTOM OF THE 4TH
Wisconsin Rapids Rangers batting - Pitching for Manhatten Meatheads : RHP Nathan Davis
Batting: RHB Carlos Miranda 0-0: Ball
1-0: Called Strike
1-1: Foul Ball, location: 2F
1-2: Ground out 5-3 (Groundball, 5S)
Batting: SHB Jacob Wilcox 0-0: Ball
1-0: Ball
2-0: Called Strike
2-1: Foul Ball, location: 2F
2-2: Strikes out swinging
Batting: LHB Jean-Sébastien Beaudin 0-0: Called Strike
0-1: Ball
1-1: Ball
2-1: SINGLE (Groundball, 3D)
Batting: LHB Ángelo Lara 0-0: Called Strike
0-1: Called Strike
0-2: Fly out, F9 (Flyball, 9D)
Bottom of the 4th over - 0 run(s), 1 hit(s), 0 error(s), 1 left on base; Manhatten 5 - Wisconsin Rapids 1
TOP OF THE 5TH
Manhatten Meatheads batting - Pitching for Wisconsin Rapids Rangers : RHP Valentín Mejía
Batting: RHB Denver Baker 0-0: Swinging Strike
0-1: Foul Ball, location: 2F
0-2: Ball
1-2: Ball
2-2: Strikes out swinging
Batting: SHB António Ramírez 0-0: Called Strike
0-1: Foul Ball, location: 2F
0-2: Ball
1-2: Ball
2-2: Ball
3-2: Foul Ball, location: 2F
3-2: Foul Ball, location: 2F
3-2: Foul Ball, location: 2F
3-2: Strikes out looking
Batting: RHB Craig Chapman 0-0: Swinging Strike
0-1: Swinging Strike
0-2: Strikes out swinging
Top of the 5th over - 0 run(s), 0 hit(s), 0 error(s), 0 left on base; Manhatten 5 - Wisconsin Rapids 1
BOTTOM OF THE 5TH
Wisconsin Rapids Rangers batting - Pitching for Manhatten Meatheads : RHP Nathan Davis
Batting: RHB Luis López 0-0: Ball
1-0: Foul Ball, location: 2F
1-1: Called Strike
1-2: Ball
2-2: Foul Ball, location: 2F
2-2: Ground out 5-3 (Groundball, 56)
Batting: LHB Ronald Gordon 0-0: Called Strike
0-1: Ball
1-1: Ball
2-1: Ball
3-1: Foul Ball, location: 2F
3-2: Strikes out swinging
Batting: LHB Javier Mejía 0-0: Foul Ball, location: 2F
0-1: Ball
1-1: Ball
2-1: Ball
3-1: Foul Ball, location: 2F
3-2: Ground out 5-3 (Groundball, 56)
Bottom of the 5th over - 0 run(s), 0 hit(s), 0 error(s), 0 left on base; Manhatten 5 - Wisconsin Rapids 1
TOP OF THE 6TH
Manhatten Meatheads batting - Pitching for Wisconsin Rapids Rangers : RHP Valentín Mejía
Batting: LHB Miguel Pérez 0-0: SINGLE (Groundball, 6MD)
Batting: SHB José Sousa 0-0: Ball
1-0: Foul Ball, location: 2F
1-1: Ball
2-1: SINGLE (Line Drive, 3D)
Miguel Pérez to second
Batting: RHB Lúcio Sánchez 0-0: Foul Ball, location: 2F
0-1: Called Strike
0-2: Strikes out swinging
Batting: RHB José Esparza 0-0: Swinging Strike
0-1: Swinging Strike
0-2: Strikes out looking
Batting: SHB Cornell Payne 0-0: Called Strike
0-1: Ball
1-1: Ball
2-1: Ball
3-1: Base on Balls
Miguel Pérez to third
José Sousa to second
Batting: RHB Adrián López 0-0: Ball
1-0: Foul Ball, location: 2F
1-1: Foul Ball, location: 2F
1-2: Strikes out swinging
Top of the 6th over - 0 run(s), 2 hit(s), 0 error(s), 3 left on base; Manhatten 5 - Wisconsin Rapids 1
BOTTOM OF THE 6TH
Wisconsin Rapids Rangers batting - Pitching for Manhatten Meatheads : RHP Nathan Davis
Batting: RHB Wilfred Martin 0-0: Called Strike
0-1: Ball
1-1: Foul Ball, location: 2F
1-2: Ball
2-2: Ball
3-2: Strikes out swinging
Batting: LHB Luis Rodríguez 0-0: Ground out 4-3 (Groundball, 4D)
Batting: RHB Carlos Miranda 0-0: Foul Ball, location: 2F
0-1: Foul Ball, location: 2F
0-2: Strikes out swinging, 2-3 out at first.
Bottom of the 6th over - 0 run(s), 0 hit(s), 0 error(s), 0 left on base; Manhatten 5 - Wisconsin Rapids 1
TOP OF THE 7TH
Manhatten Meatheads batting - Pitching for Wisconsin Rapids Rangers : RHP Valentín Mejía
Batting: RHB Denver Baker 0-0: Ball
1-0: Foul Ball, location: 2F
1-1: Ball
2-1: Foul Ball, location: 2F
2-2: SINGLE (Groundball, 6MD)
Batting: SHB António Ramírez 0-0: Ball
1-0: Foul Ball, location: 2F
1-1: Fly out, F4 (Popup, 34D)
Pitching: RHP Lorne McCoy
Batting: RHB Craig Chapman 0-0: Ball
1-0: Called Strike
1-1: Swinging Strike
1-2: Foul Ball, location: 2F
1-2: Ball
2-2: Ball
3-2: Strikes out swinging
Batting: LHB Miguel Pérez 0-0: Ball
1-0: Called Strike
1-1: Swinging Strike
1-2: Strikes out swinging
Top of the 7th over - 0 run(s), 1 hit(s), 0 error(s), 1 left on base; Manhatten 5 - Wisconsin Rapids 1
BOTTOM OF THE 7TH
Wisconsin Rapids Rangers batting - Pitching for Manhatten Meatheads : RHP Nathan Davis
Pitching: LHP Anthony Robinson
Batting: SHB Jacob Wilcox 0-0: Fly out, F8 (Flyball, 8RS)
Batting: LHB Jean-Sébastien Beaudin 0-0: Called Strike
0-1: Ball
1-1: Swinging Strike
1-2: Ball
2-2: Ball
3-2: Foul Ball, location: 2F
3-2: Strikes out swinging
Batting: LHB Ángelo Lara 0-0: Called Strike
0-1: Foul Ball, location: 2F
0-2: Foul Ball, location: 2F
0-2: Ball
1-2: Ball
2-2: Ball
3-2: SINGLE (Line Drive, 56)
Batting: RHB Luis López 0-0: Called Strike
0-1: Ball
1-1: Called Strike
1-2: Foul Ball, location: 2F
1-2: Ball
2-2: Ball
3-2: Base on Balls
Ángelo Lara to second
Batting: LHB Ronald Gordon 0-0: Foul Ball, location: 2F
0-1: Ball
1-1: Foul Ball, location: 2F
1-2: 3-RUN HOME RUN (Flyball, 89XD), Distance : 381 ft
Pitching: LHP Miguel Angel Meléndez
Batting: LHB Javier Mejía 0-0: Ball
1-0: Called Strike
1-1: Called Strike
1-2: Strikes out looking
Bottom of the 7th over - 3 run(s), 2 hit(s), 0 error(s), 0 left on base; Manhatten 5 - Wisconsin Rapids 4
TOP OF THE 8TH
Manhatten Meatheads batting - Pitching for Wisconsin Rapids Rangers : RHP Lorne McCoy
Batting: SHB José Sousa 0-0: Called Strike
0-1: Swinging Strike
0-2: Strikes out swinging
Batting: RHB Lúcio Sánchez 0-0: Fly out, F3 (Popup, 3L)
Batting: RHB José Esparza 0-0: Called Strike
0-1: Foul Ball, location: 2F
0-2: Hit by Pitch
Batting: SHB Cornell Payne 0-0: Called Strike
0-1: Ball
1-1: Ball
2-1: Foul Ball, location: 2F
2-2: 2-RUN HOME RUN (Flyball, 89XD), Distance : 369 ft
Pitching: RHP Pablo Lima
Batting: RHB Adrián López 0-0: SINGLE (Line Drive, 7LS)
Batting: RHB Denver Baker 0-0: Called Strike
0-1: Ball
1-1: Ball
2-1: Swinging Strike
2-2: Fly out, F9 (Flyball, 9LM)
Top of the 8th over - 2 run(s), 2 hit(s), 0 error(s), 1 left on base; Manhatten 7 - Wisconsin Rapids 4
BOTTOM OF THE 8TH
Wisconsin Rapids Rangers batting - Pitching for Manhatten Meatheads : LHP Miguel Angel Meléndez
Now at C: León Glaviz
Batting: RHB Wilfred Martin 0-0: Ball
1-0: Ball
2-0: Ground out 6-3 (Groundball, 6)
Batting: LHB Luis Rodríguez 0-0: Called Strike
0-1: SINGLE (Groundball, 34D)
Pitching: LHP Gerardo González
Batting: RHB Carlos Miranda 0-0: Ball
1-0: Ball
2-0: Called Strike
2-1: Foul Ball, location: 2F
2-2: SINGLE (Line Drive, 34D)
Luis Rodríguez to second
Batting: SHB Jacob Wilcox 0-0: Foul Ball, location: 2F
0-1: Called Strike
0-2: Ball
1-2: Ball
2-2: Ball
3-2: Foul Ball, location: 2F
3-2: Ground out 5-3 (Groundball, 5S)
Luis Rodríguez to third
Carlos Miranda to second
Batting: LHB Jean-Sébastien Beaudin 0-0: Called Strike
0-1: Ball
1-1: Foul Ball, location: 2F
1-2: Ball
2-2: Ground out 3-1 (Groundball, 34S)
Bottom of the 8th over - 0 run(s), 2 hit(s), 0 error(s), 2 left on base; Manhatten 7 - Wisconsin Rapids 4
TOP OF THE 9TH
Manhatten Meatheads batting - Pitching for Wisconsin Rapids Rangers : RHP Pablo Lima
Batting: SHB António Ramírez 0-0: Ball
1-0: Called Strike
1-1: Called Strike
1-2: Strikes out looking
Batting: RHB Craig Chapman 0-0: Called Strike
0-1: Ball
1-1: Foul Ball, location: 2F
1-2: Strikes out swinging
Batting: LHB Miguel Pérez 0-0: Ball
1-0: Ball
2-0: Called Strike
2-1: Ball
3-1: Foul Ball, location: 2F
3-2: Reached on error, E6 (Groundball, 6M)
Batting: SHB José Sousa 0-0: Foul Ball, location: 2F
0-1: Ball
1-1: Foul Ball, location: 2F
1-2: Strikes out swinging
Top of the 9th over - 0 run(s), 0 hit(s), 1 error(s), 1 left on base; Manhatten 7 - Wisconsin Rapids 4
BOTTOM OF THE 9TH
Wisconsin Rapids Rangers batting - Pitching for Manhatten Meatheads : LHP Gerardo González
Pitching: LHP Pedro Cruz
Batting: LHB Ángelo Lara 0-0: Ball
1-0: Called Strike
1-1: Foul Ball, location: 2F
1-2: Ball
2-2: Ball
3-2: Strikes out swinging
Batting: RHB Luis López 0-0: Ball
1-0: SINGLE (Groundball, 4MD)
Batting: LHB Ronald Gordon 0-0: Swinging Strike
0-1: Grounds into double play, 6-4-3 (Groundball, 6)
Bottom of the 9th over - 0 run(s), 1 hit(s), 0 error(s), 0 left on base; Manhatten 7 - Wisconsin Rapids 4
Thursday, March 30th, 2017 - OOTP Baseball 17.12 Build 75